 Dungeon Crawl Stone Soup version 0.30.0-29-ga12c61a403 (webtiles) character file.

Game seed: 2396504280642849090

4239 GeoRichter the Skirmisher (level 10, 0/64 HPs)
             Began as a Kobold Brigand on June 24, 2023.
             Was an Initiate of Gozag.
             Killed from afar by a gargoyle (19 damage)
             ... with a stone arrow
             ... on level 7 of the Dungeon.
             The game lasted 00:14:09 (6408 turns).

GeoRichter the Skirmisher (Kobold Brigand)          Turns: 6408, Time: 00:14:09

Health: 0/64       AC: 12    Str:  9    XL:     10   Next: 55%
Magic:  10/10      EV: 19    Int: 12    God:    Gozag
Gold:   673        SH:  5    Dex: 18    Spells: 9/9 levels left

rFire   + . .        b - +3 dagger "Tormentor" {elec, rElec rF+ rC+ Dex-3}
rCold   + . .        (no shield)
rNeg    . . .        J - +4 steam dragon scales
rPois   .            y - +0 helmet
rElec   +            c - +0 cloak
rCorr   .            (no gloves)
SInv    .            H - +0 pair of boots
Will    .....        f - amulet of reflection
Stlth   +++++        n - +5 ring of evasion
HPRegen 0.30/turn    h - ring of flight
MPRegen 0.12/turn

%: reflection
@: mighty, flying
A: small, no large weapons, nightstalker 3
a: Renounce Religion, Potion Petition, Call Merchant, Bribe Branch


You were on level 7 of the Dungeon.
You worshipped Gozag.
Gozag was pleased with you.
You visited 1 branch of the dungeon, and saw 7 of its levels.

You collected 1368 gold pieces.
You spent 695 gold pieces at shops.

Inventory:

Hand Weapons
 a - the +1 shortbow of Captem {freeze, Fly Will+ Str+4}
   (You bought it in a shop on level 1 of the Dungeon)

   Str:       It affects your strength (+4).
   Fly:       It grants you flight.
   Will:      It increases your willpower.
 b - the +3 dagger "Tormentor" (weapon) {elec, rElec rF+ rC+ Dex-3}
   (You found it on level 4 of the Dungeon)

   Dex:       It affects your dexterity (-3).
   rF:        It protects you from fire.
   rC:        It protects you from cold.
   rElec:     It insulates you from electricity.
 o - a +2 dagger of draining
   (You took it off an orc wizard on level 7 of the Dungeon)
Missiles
 d - 23 poisoned darts (quivered)
 e - 3 curare-tipped darts {!f}
Armour
 c - a +0 cloak (worn)
 y - a +0 helmet (worn)
   (You found it on level 4 of the Dungeon)
 H - a +0 pair of boots (worn)
   (You found it on level 6 of the Dungeon)
 J - +4 steam dragon scales (worn)
   (You took it off Maggie on level 6 of the Dungeon)
Jewellery
 f - an amulet of reflection (around neck)
   (You found it on level 3 of the Dungeon)
 h - a ring of flight (right hand)
   (You found it on level 1 of the Dungeon)
 n - a +5 ring of evasion (left hand)
   (You found it on level 2 of the Dungeon)
 r - an amulet of guardian spirit
   (You found it on level 2 of the Dungeon)
Wands
 z - a wand of flame (13)
   (You found it on level 4 of the Dungeon)
 M - a wand of iceblast (12)
   (You found it on level 7 of the Dungeon)
Scrolls
 g - a scroll of poison {unknown}
 m - a scroll of butterflies {unknown}
 q - 2 scrolls of fear
 s - 2 scrolls of blinking {unknown}
 u - 2 scrolls of teleportation {unknown}
 x - a scroll of torment {unknown}
 C - a scroll of fog {unknown}
 D - a scroll of silence {unknown}
 E - a scroll of immolation {unknown}
 F - a scroll of vulnerability {unknown}
 K - a scroll of magic mapping {unknown}
 L - 2 scrolls of amnesia {unknown}
Potions
 i - a potion of lignification {!q}
 j - a potion of brilliance {unknown}
 k - 6 potions of curing {@q1}
 l - 2 potions of attraction {unknown}
 p - 3 potions of ambrosia
 t - 2 potions of flight {unknown}
 v - a potion of might
 w - 2 potions of degeneration {unknown}
 A - a potion of heal wounds {@q2}
 B - 3 potions of mutation {!q}
 G - 2 potions of cancellation
 I - a potion of magic {unknown}
 N - a potion of invisibility {unknown}


   Skills:
 + Level 8.2 Fighting
 - Level 4.6 Short Blades
 * Level 14.4 Ranged Weapons
 - Level 2.1 Throwing
 - Level 1.2 Dodging
 - Level 9.0 Stealth


You had 9 spell levels left.
You didn't know any spells.
Your spell library contained the following spells:

 Spells                   Type           Power      Damage    Failure   Level
 Summon Small Mammal      Summ           0%         N/A       32%         1
 Ensorcelled Hibernation  Hex/Ice        0%         N/A       45%         2
 Passwall                 Tmut/Erth      0%         N/A       45%         2
 Call Canine Familiar     Summ           0%         N/A       69%         3
 Frozen Ramparts          Ice            0%         1d1       69%         3
 Summon Guardian Golem    Hex/Summ       0%         N/A       69%         3
 Swiftness                Air            0%         N/A       69%         3
 Ice Form                 Ice/Tmut       0%         N/A       97%         4
 Olgreb's Toxic Radiance  Pois           0%         N/A       97%         4
 Summon Ice Beast         Ice/Summ       0%         N/A       97%         4
 Discord                  Hex            0%         N/A       100%        8
 Ignition                 Fire           0%         3d3       100%        8


Dungeon Overview and Level Annotations

Branches:
Dungeon (7/15) Zot: 26243  Temple (0/1) D:5

Altars:
Dithmenos
Gozag
Trog
Uskayaw
Vehumet
Xom
Zin
The Shining One

Shops:
D:1 !(!:(   D:3 ?

Annotations:
D:4 1 runed translucent door, Crazy Yiuf


Innate Abilities, Weirdness & Mutations

You are small and have problems with some larger weapons.
You are completely attuned to the shadows.


Message History

The gargoyle is lightly damaged.
You hit the gargoyle but do no damage.
The gargoyle is lightly damaged.
You block the gargoyle's attack.
You hit the gargoyle but do no damage.
The gargoyle is lightly damaged.
You block the gargoyle's attack.
You hit the gargoyle.
The gargoyle is moderately damaged.
The gargoyle hurls a stone arrow at you.
The stone arrow misses you.
You hit the gargoyle but do no damage.
The gargoyle is moderately damaged.
You hit the gargoyle but do no damage.
The gargoyle is moderately damaged.
The gargoyle misses you.
You closely miss the gargoyle.
The gargoyle is moderately damaged.
The gargoyle hurls a stone arrow at you.
The stone arrow misses you.
You closely miss the gargoyle. Your punch misses the gargoyle.
The gargoyle is moderately damaged.
The gargoyle completely misses you.
You hit the gargoyle but do no damage.
The gargoyle is moderately damaged.
The gargoyle hurls a stone arrow at you.
The stone arrow misses you.
You hit the gargoyle but do no damage.
The gargoyle is moderately damaged.
You hit the gargoyle but do no damage.
The gargoyle is moderately damaged.
The gargoyle hits you with a +0 morningstar!
You completely miss the gargoyle.
The gargoyle is moderately damaged.
You block the gargoyle's attack.
You hit the gargoyle but do no damage.
The gargoyle is moderately damaged.
You feel very mighty all of a sudden. The gargoyle barely misses you.
You barely miss the gargoyle.
The gargoyle is moderately damaged.
The gargoyle hurls a stone arrow at you.
The stone arrow hits you!!
* * * LOW HITPOINT WARNING * * *
You hit the gargoyle.
The gargoyle is heavily damaged.
The gargoyle hurls a stone arrow at you.
The stone arrow hits you!!
You die...
Your body crumbles into a pile of gold.

####..##### #.# #########..#
#.# #..........# #.#
##..........### #.#
#####...#######...# ##.##
......###)###8###.## ###...#
####..#8##'.'##?#..# #...#.#
#.###'.....9###.# #.#...#
#.#)#......@# #.# #.#####
#.##'.......+ #.# #.#
#.##....8....##.# #.#
#.##'.......+##.# #.#
#.#8#.......# #.# #.#
#.###'.....+ ##.# #.#
##..#)##...## #..# #.#
#...###8...8###.######.#
#####.#...##...##..........#


You could see a gargoyle.

Vanquished Creatures
  Pikel (D:5)
  3 gargoyles (D:7)
  Maggie (D:6)
  A troll (D:7)
  A water moccasin (D:6)
  2 sky beasts (D:6)
  2 ice beasts (D:6)
  A black bear (D:6)
  4 ogres
  2 centaurs (D:7)
  A phantom (D:5)
  2 lemures (D:5)
  5 bullfrogs
  2 scorpions (D:5)
  3 jellies (D:6)
  5 orc priests
  5 hounds
  A gnoll bouda (D:5)
  5 iguanas
  2 sleepcaps
  6 orc wizards
  5 gnolls (D:5)
  7 adders
  2 shadow imps (D:7)
  3 ufetubi
  A worm (D:2)
  3 dart slugs
  24 orcs
  6 bats
  8 endoplasms
  A giant cockroach (D:1)
  7 goblins
  13 hobgoblins
  2 jackals (D:2)
  7 quokkas
  12 ball pythons
  2 frilled lizards
  7 kobolds
  7 rats
172 creatures vanquished.

Vanquished Creatures (others)
  A scorpion (D:6)
  An iguana (D:6)
  An orc wizard (D:6)
  An orc (D:6)
4 creatures vanquished.

Grand Total: 176 creatures vanquished

Notes
Turn   | Place    | Note
-------+----------+-------------------------------------------
     0 | D:1      | GeoRichter the Kobold Brigand began the quest for the Orb.
     0 | D:1      | Reached XP level 1. HP: 12/12 MP: 1/1
    82 | D:1      | Found Coifukh's Weapon Emporium.
   111 | D:1      | Reached XP level 2. HP: 18/18 MP: 2/2
   189 | D:1      | Found Rurhe's Distillery.
   219 | D:1      | Found Oselyus's Book Boutique.
   263 | D:1      | Found a faded altar of an unknown god.
   332 | D:1      | Found Tixziur's Weapon Shop.
   376 | D:1      | Prayed at the altar of an unknown god.
   376 | D:1      | Became a worshipper of Gozag Ym Sagoz the Greedy
   410 | D:1      | Reached XP level 3. HP: 22/22 MP: 3/3
   723 | D:1      | You fall into a shaft and drop 1 floor!
   798 | D:2      | Reached XP level 4. HP: 27/27 MP: 4/4
   932 | D:1      | Found Suluqulo's Distillery.
  1202 | D:2      | Reached skill level 1 in Ranged Weapons
  1509 | D:3      | Found Reezxuby's Magic Scroll Shoppe.
  1655 | D:1      | Bought the +1 shortbow of Captem {freeze, Fly Will+ Str+4}
                  | for 335 gold pieces
  1716 | D:4      | Reached skill level 2 in Ranged Weapons
  1720 | D:4      | Reached XP level 5. HP: 30/31 MP: 3/5
  1735 | D:4      | Reached skill level 3 in Ranged Weapons
  1806 | D:3      | Found a bloodstained altar of Trog.
  1855 | D:3      | Reached skill level 4 in Ranged Weapons
  1963 | D:3      | Reached XP level 6. HP: 36/36 MP: 6/6
  2418 | D:3      | Found a glowing silver altar of Zin.
  2418 | D:3      | Noticed an angel
  2476 | D:4      | Reached skill level 5 in Ranged Weapons
  2844 | D:3      | Reached XP level 7. HP: 40/40 MP: 7/7
  2867 | D:3      | Reached skill level 6 in Ranged Weapons
  3367 | D:4      | Identified the +3 dagger "Tormentor" {elec, rElec rF+ rC+
                  | Dex-3}
  3513 | D:4      | Found a runed translucent door.
  3516 | D:4      | Noticed Crazy Yiuf
  3560 | D:5      | Entered Level 5 of the Dungeon
  3706 | D:1      | Bought a potion of heal wounds for 60 gold pieces
  3706 | D:1      | Bought 2 potions of curing for 72 gold pieces
  3706 | D:1      | Bought a potion of curing for 36 gold pieces
  3706 | D:1      | Bought a potion of might for 48 gold pieces
  3706 | D:1      | Bought a potion of might for 48 gold pieces
  3706 | D:1      | Bought a potion of mutation for 96 gold pieces
  4055 | D:5      | Found a staircase to the Ecumenical Temple.
  4067 | D:5      | Reached skill level 7 in Ranged Weapons
  4086 | D:5      | Reached XP level 8. HP: 40/46 MP: 8/8
  4241 | D:5      | Reached skill level 8 in Ranged Weapons
  4462 | D:5      | Noticed Pikel
  4514 | D:5      | Found a glowing golden altar of the Shining One.
  4517 | D:5      | Found a radiant altar of Vehumet.
  4850 | D:5      | Killed Pikel
  4851 | D:5      | Reached skill level 5 in Fighting
  4851 | D:5      | Reached skill level 10 in Ranged Weapons
  4851 | D:5      | Reached XP level 9. HP: 50/54 MP: 9/9
  5072 | D:6      | Reached skill level 11 in Ranged Weapons
  5242 | D:6      | Found a shimmering altar of Xom.
  5353 | D:6      | Reached skill level 12 in Ranged Weapons
  5450 | D:6      | Noticed Maggie
  5466 | D:6      | Killed Maggie
  5638 | D:7      | Reached XP level 10. HP: 61/61 MP: 10/10
  5699 | D:7      | Noticed a +0 dagger
  5701 | D:7      | Noticed a +0 dagger
  5728 | D:7      | Found a hide-covered altar of Uskayaw.
  5736 | D:7      | Reached skill level 13 in Ranged Weapons
  5828 | D:7      | Found a shadowy altar of Dithmenos.
  6344 | D:7      | Noticed a gargoyle
  6348 | D:7      | Killed a gargoyle
  6349 | D:7      | Reached skill level 14 in Ranged Weapons
  6356 | D:7      | Noticed a gargoyle
  6358 | D:7      | Killed a gargoyle
  6366 | D:7      | Noticed a gargoyle
  6367 | D:7      | Killed a gargoyle
  6378 | D:7      | Noticed a gargoyle
  6408 | D:7      | Killed from afar by a gargoyle

Illustrated notes

Levels and vault maps discovered:
D:1:      psy_arrival_whirlpool, layout_loops_ring,
          chequers_ecumenical_altar_grove, serial_shops, shop_statue,
          nicolae_shop_tiny_real_fake_doors, nicolae_shop_bloodbath_and_beyond,
          shop, shop, minmay_tetromino_i4
D:2:      layout_basic
D:3:      layout_loops_ring, mainiacjoe_overflow_small_starburst, zin_angel,
          serial_shops, nicolae_shop_temple_entry_statues_fountains,
          minmay_misc_feat_alley
D:4:      layout_rooms, nrook_mini_vaults, uniq_crazy_yiuf_cottage
D:5:      layout_gridville, nicolae_overflow_two_pavilions,
          minmay_temple_entry_wispy, uniq_pikel
D:6:      layout_rooms, xom_confusion_cloud, st_stairs_12, uniq_maggie
D:7:      cheibrodos_statue_roulette, layout_loops_ring,
          dancing_weapons_uskayaw, old_standard_altar, chequers_jeans

Skill      XL: |  1  2  3  4  5  6  7  8  9 10 |
---------------+-------------------------------+-----
Short Blades   | 3 4 |  4.6
Ranged Weapons | 2 4 5 7 10 12 14 | 14.4
Stealth        | 6 7 8 9 |  9.0
Fighting       | 3 5 6 8 |  8.2
Throwing       | |  2.1
Dodging        | |  1.2

Action                     |  1- 3 |  4- 6 |  7- 9 | 10-12 || total
---------------------------+-------+-------+-------+-------++-------
  Melee: Short sword       |    52 |    36 |    18 |       ||   106
         Dagger            |     1 |       |    98 |    74 ||   173
         Punch             |       |       |     1 |     1 ||     2
   Fire: Shortbow          |       |   107 |   157 |       ||   264
  Throw: Dart              |       |       |     1 |     3 ||     4
  Evoke: Wand              |       |       |     3 |       ||     3
    Use: Scroll            |       |     2 |     6 |       ||     8
         Potion            |       |       |     1 |     1 ||     2
   Stab: Sleeping          |    16 |    15 |     6 |    11 ||    48
 Armour: Robe              |     6 |     6 |       |       ||    12
         Leather armour    |       |     4 |    14 |       ||    18
         Steam dragon scal |       |       |     2 |     6 ||     8
  Dodge: Dodged            |    21 |    65 |    77 |    33 ||   196
  Block: Other             |       |    11 |    24 |     5 ||    40
